[Event "Early-Titled-Tuesday-Blitz-April-23-2024"]
[Site "Chess.com"]
[Date "2024.04.23"]
[Round "2"]
[White "KetiTsatsalashvili"]
[Black "soloderisas"]
[Result "0-1"]
[WhiteElo "2417"]
[BlackElo "2762"]
[TimeControl "180+1"]
[EndTime "8:17:01 PDT"]
[Termination "soloderisas won by resignation"]

1. d4 d5 2. Nf3 Bf5 3. e3 e6 4. Be2 Nf6 5. Nh4 Bg6 6. O-O Nbd7 7. Nxg6 hxg6 8. Nd2 Bd6 9. f4 c5 10. c3 g5 11. Bd3 Qc7 12. g3 O-O-O 13. Nf3 gxf4 14. exf4 c4 15. Bc2 Rh5 16. Qe2 Rdh8 17. b3 cxb3 18. axb3 Kb8 19. Bd2 Ne4 20. Bxe4 dxe4 21. Qxe4 Nf6 22. Qe2 Ng4 23. c4 Nxh2 24. Nxh2 Rxh2 25.
Qxh2 Rxh2 26. Kxh2 Qc6 27. Rae1 a6 28. Re3 Be7 29. Rfe1 Bf6 30. Bc3 Qb6 31. f5 exf5 32.
b4 Bxd4 33. c5 Qh6+ 34. Kg2 Bxe3 35. Be5+ Kc8 36. Rd1 Qc6+ 37. Kh3 Bg5 38. Bxg7 f4 39. Kg4 Qg6 40. gxf4 Bf6+ 0-1

[Event "Early-Titled-Tuesday-Blitz-April-23-2024"]
[Site "Chess.com"]
[Date "2024.04.23"]
[Round "2"]
[White "L4ncer"]
[Black "Levanzovsky"]
[Result "0-1"]
[WhiteElo "2260"]
[BlackElo "2525"]
[TimeControl "180+1"]
[EndTime "8:17:01 PDT"]
[Termination "Levanzovsky won on time"]

1. e4 e5 2. Bc4 Nf6 3. d4 exd4 4.
Nf3 Nc6 5. e5 d5 6. Bb5 Ne4 7.
Nxd4 Bd7 8. Bxc6 bxc6 9. O-O Bc5 10. f3 Ng5 11. Be3 Bb6 12. f4 Ne4 13. Nc3 c5 14.
Nb3 Nxc3 15. bxc3 c4 16. Nd4 c5 17. Ne2 Bc6 18. f5 Qh4 19. Rf4 Qh5 20. Qf1 O-O-O 21. Ng3 Qg5 22. Qf2 Qe7 23. a4 Qxe5 24. a5 Qxc3 25. Rb1 Qxa5 26. f6 g6 27. Bd2 Qa2 28. Rc1 d4 29. Ne4 c3 30. Be1 Qd5 31. Qg3 c4 32.
Rg4 d3+ 33. Kh1 d2 0-1

[Event "Early-Titled-Tuesday-Blitz-April-23-2024"]
[Site "Chess.com"]
[Date "2024.04.23"]
[Round "2"]
[White "GlavkonVVS"]
[Black "maracayo"]
[Result "1-0"]
[WhiteElo "2597"]
[BlackElo "2358"]
[TimeControl "180+1"]
[EndTime "8:17:03 PDT"]
[Termination "GlavkonVVS won by resignation"]

1. c4 d6 2. Nc3 Nf6 3. g3 e5 4.
Bg2 Be7 5. d3 O-O 6. Nh3 c6 7. O-O h6 8. f4 Nbd7 9. f5 Re8 10. e4 Bf8 11. Be3 a6 12. g4 b5 13. g5 hxg5 14. Bxg5 Bb7 15. Kh1 b4 16. Ne2 d5 17. Ng3 dxc4 18. dxc4 Nc5 19. Qxd8 Raxd8 20. Bxf6 gxf6 21. Nh5 Be7 22. Rad1 a5 23. Nf2 Rxd1 24. Rxd1 Rd8 25. Rg1 Kf8 26. Ng4 Rd6 27. Bf3 Na4 28. Nh6 Ke8 29. Rg8+ Bf8 30. b3 Nc3 31. Ng4 Ke7 32.
Ngxf6 Nxa2 33. Nh7 Nc1 34. f6+ Kd7 35. Nxf8+ Kc7 36.
Rg7 Nxb3 37. Rxf7+ Kb6 38. Nd7+ Ka7 39. Re7 a4 40. f7 1-0

[Event "Early-Titled-Tuesday-Blitz-April-23-2024"]
[Site "Chess.com"]
[Date "2024.04.23"]
[Round "2"]
[White "ChessRespected"]
[Black "Durarbayli"]
[Result "0-1"]
[WhiteElo "2624"]
[BlackElo "2935"]
[TimeControl "180+1"]
[EndTime "8:17:06 PDT"]
[Termination "Durarbayli won on time"]

1. d4 Nf6 2. Nf3 c5 3. d5 e6 4.
Nc3 exd5 5. Nxd5 Nxd5 6. Qxd5 d6 7. Bg5 Qc7 8. O-O-O Be6 9. Qe4 Nc6 10. e3 Be7 11. Bb5 d5 12. Qh4 f6 13. Bf4 Qa5 14. Bxc6+ bxc6 15. Qg3 g5 16. Bd6 Qxa2 17. Bxe7 Kxe7 18. e4 Qa1+ 19.
Kd2 Qa5+ 20. c3 dxe4 21. Nxg5 Rhg8 22. h4 Rad8+ 23. Ke3 c4 24. Rxd8 Qxd8 0-1

[Event "Early-Titled-Tuesday-Blitz-April-23-2024"]
[Site "Chess.com"]
[Date "2024.04.23"]
[Round "2"]
[White "KhazhatulyAlikhan"]
[Black "grantelgibbs"]
[Result "1-0"]
[WhiteElo "2449"]
[BlackElo "1830"]
[TimeControl "180+1"]
[EndTime "8:17:06 PDT"]
[Termination "KhazhatulyAlikhan won by resignation"]

1. e4 d6 2. d4 g6 3. Nc3 Bg7 4. Be3 c6 5. Nf3 Nf6 6. Qd2 Ng4 7. Bg5 Qa5 8. Bxe7 Qb4 9. Rb1 a5 10. a3 Qb6 11. Bxd6 Nd7 12. h3 Ngf6 13. e5 Nd5 14. Bc4 Nxc3 15. Qxc3 Nf8 16. O-O Ne6 17.
Rfe1 Bf8 18. Rbd1 Bxd6 19. exd6 O-O 20. d5 cxd5 21. Rxd5 Bd7 22. Ne5 Bc6 23. Ng4 Ng7 24.
Nh6+ Kh8 25. Rde5 Rae8 26. Nxf7+ Rxf7 27. Rxe8+ 1-0

[Event "Early-Titled-Tuesday-Blitz-April-23-2024"]
[Site "Chess.com"]
[Date "2024.04.23"]
[Round "2"]
[White "Bada_norovsambuu"]
[Black "mortngabriel"]
[Result "1-0"]
[WhiteElo "2232"]
[BlackElo "2473"]
[TimeControl "180+1"]
[EndTime "8:17:07 PDT"]
[Termination "Bada_norovsambuu won by resignation"]

1. Nf3 c5 2. d4 cxd4 3. Nxd4 Nc6 4. e4 Nf6 5. Nxc6 bxc6 6. Nc3 d6 7. Bc4 g6 8. O-O Bg7 9. Kh1 O-O 10. f4 Nxe4 11. Nxe4 d5 12. Bd3 dxe4 13. Bxe4 Qb6 14. c3 Ba6 15. Re1 Rad8 16. Qb3 Rd6 17. Be3 c5 18. f5 Rd7 19. Bd5 gxf5 20. Rad1 e6 21. Bf3 Rfd8 22. Rxd7 Rxd7 23. Qc2 Bd3 24. Qf2 Bf8 25.
Qg3+ Kh8 26. Bf4 f6 27. Qh4 Bg7 28. Qh5 Re7 29. Bg3 e5 30. Rd1 c4 31. b3 e4 32. Be2 cxb3 33. axb3 Qxb3 34. Bxd3 exd3 35. Rxd3 Qb1+ 36. Rd1 Qb8 37. Bxb8 1-0

[Event "Early-Titled-Tuesday-Blitz-April-23-2024"]
[Site "Chess.com"]
[Date "2024.04.23"]
[Round "2"]
[White "wild3000"]
[Black "x-7171385435"]
[Result "1-0"]
[WhiteElo "2482"]
[BlackElo "2136"]
[TimeControl "180+1"]
[EndTime "8:17:07 PDT"]
[Termination "wild3000 won by resignation"]

1. d4 d5 2. Nf3 Nf6 3. e3 e6 4.
Be2 Be7 5. O-O O-O 6. b3 b6 7. Bb2 Bb7 8. c4 c5 9. Nc3 Nc6 10.
cxd5 Nxd5 11. Nxd5 Qxd5 12. dxc5 Qxc5 13. Rc1 Qf5 14. Qd7 Rab8 15. Rxc6 Bxc6 16. Qxc6 Rfc8 17. Qd7 Bf6 18. Bxf6 Qxf6 19. Qxa7 Ra8 20. Qxb6 Rxa2 21. Bc4 h6 22. h3 Rca8 23. Qd4 Qe7 24. Ne5 Rd8 25. Qg4 Rdd2 26. b4 Rab2 27. b5 Qf6 28.
Qg3 Rdc2 29. Bd3 Rd2 30. Bc4 Rdc2 31. h4 g6 32. h5 g5 33. Ng4 Qg7 34. Bd3 Rc3 35.
Qb8+ Qf8 36. Nxh6+ Kg7 37. Qe5+ f6 38. Qxc3 Kxh6 39.
Qxb2 1-0

[Event "Early-Titled-Tuesday-Blitz-April-23-2024"]
[Site "Chess.com"]
[Date "2024.04.23"]
[Round "2"]
[White "jeetjain"]
[Black "platy3"]
[Result "0-1"]
[WhiteElo "2604"]
[BlackElo "2878"]
[TimeControl "180+1"]
[EndTime "8:17:08 PDT"]
[Termination "platy3 won by resignation"]

1. c4 g6 2. Nf3 Bg7 3. Nc3 Nf6 4. g3 O-O 5. Bg2 d6 6. O-O Nc6 7. b3 Ne4 8. Bb2 Nxc3 9. Bxc3 Bxc3 10. dxc3 e5 11. e3 Be6 12. Qc2 f5 13. Rad1 Qf6 14.
Rd2 g5 15. Rfd1 Rae8 16. Bf1 f4 17. exf4 exf4 18. Nd4 Bg4 19. Rc1 Ne5 20. Bg2 c5 21. Nb5 Nf3+ 22. Bxf3 Bxf3 23. Rxd6 Qe5 24. Qd2 Re7 25.
Qd3 fxg3 26. fxg3 a6 27. Na3 Bc6 28. Rd5 Bxd5 29. cxd5 Qf6 30. Qd2 h6 31. Nc4 b5 32.
Ne3 Qf3 33. Re1 Rfe8 34. Ng2 Re2 0-1

[Event "Early-Titled-Tuesday-Blitz-April-23-2024"]
[Site "Chess.com"]
[Date "2024.04.23"]
[Round "2"]
[White "ProtectiveCarrot"]
[Black "Korchmar_Vasiliy"]
[Result "0-1"]
[WhiteElo "2329"]
[BlackElo "2715"]
[TimeControl "180+1"]
[EndTime "8:17:08 PDT"]
[Termination "Korchmar_Vasiliy won by checkmate"]

1. e4 c5 2. Nf3 d6 3. d4 cxd4 4. Nxd4 Nf6 5. Nc3 e5 6. Bb5+ Nbd7 7. Nf5 a6 8. Bxd7+ Qxd7 9. O-O Nxe4 10. Nxe4 Qxf5 11. Nxd6+ Bxd6 12. Qxd6 Qe6 13. Qa3 Qe7 14. Qg3 O-O 15. Bh6 Qf6 16. Bg5 Qf5 17. Rfe1 f6 18. Be3 Be6 19. c3 Rad8 20. Bc5 Rf7 21. Rad1 Rfd7 22.
Rxd7 Rxd7 23. Qh4 Bxa2 24. Qa4 Bd5 25. f3 Qe6 26. Qb4 Bc6 27. Be3 Rd3 28. Qc5 h5 29. Kf2 Qb3 30. Qb6 Rd2+ 31. Re2 Rxe2+ 32. Kxe2 Qc2+ 33. Bd2 Bb5+ 34. Ke1 Qd3 35. Qe6+ Kh7 36. Bc1 Qe2# 0-1

[Event "Early-Titled-Tuesday-Blitz-April-23-2024"]
[Site "Chess.com"]
[Date "2024.04.23"]
[Round "2"]
[White "Schattman"]
[Black "rikchessmx"]
[Result "0-1"]
[WhiteElo "2489"]
[BlackElo "2245"]
[TimeControl "180+1"]
[EndTime "8:17:08 PDT"]
[Termination "rikchessmx won by checkmate"]

1. d4 Nf6 2. Bf4 b6 3. e3 Bb7 4. Nf3 Nh5 5. Bg5 h6 6. Bh4 g5 7.
Nfd2 Nf6 8. Bg3 d6 9. c4 Nbd7 10. Nc3 Bg7 11. d5 e5 12. e4 a5 13. Be2 Nc5 14. b3 Bc8 15. a3 Bd7 16. b4 Na6 17. Rb1 axb4 18. axb4 O-O 19. O-O Ne8 20. Bg4 Qc8 21. Bxd7 Qxd7 22. f3 f5 23. exf5 Rxf5 24. Nde4 Nf6 25. Qe2 Nh5 26. Bf2 Nf4 27. Qd1 Rff8 28.
Kh1 Rfd8 29. Ne2 Nb8 30. Nxf4 exf4 31. Bd4 Rf8 32. Ra1 Na6 33. Bxg7 Qxg7 34. Qd2 Ra7 35.
h3 Rfa8 36. Rab1 Nb8 37. Rb2 Nd7 38. c5 bxc5 39. bxc5 dxc5 40. d6 c6 41. Kh2 Qd4 42.
Qc2 Ra1 43. Rxa1 Rxa1 44. Qb3+ c4 45. Rd2 Qg1# 0-1

[Event "Early-Titled-Tuesday-Blitz-April-23-2024"]
[Site "Chess.com"]
[Date "2024.04.23"]
[Round "2"]
[White "ragnaroek66"]
[Black "Heinza9"]
[Result "1-0"]
[WhiteElo "2549"]
[BlackElo "2320"]
[TimeControl "180+1"]
[EndTime "8:17:09 PDT"]
[Termination "ragnaroek66 won on time"]

1. d4 f5 2. c4 Nf6 3. Nc3 d6 4. Bg5 e6 5. e4 fxe4 6. Nxe4 Be7 7.
Nc3 O-O 8. Nf3 Nc6 9. Be2 h6 10.
Bh4 Nh7 11. Bg3 Ng5 12. d5 exd5 13. cxd5 Nxf3+ 14. Bxf3 Ne5 15. Be4 Bf5 16. Qc2 Bxe4 17. Qxe4 Bf6 18. O-O Qd7 19. f4 Nf7 20. h3 a6 21.
Rfe1 Rae8 22. Qd3 h5 23. Qc4 h4 24. Bf2 Nh6 25. Re6 b5 26. Qb3 Nf5 27. Rd1 Bxc3 28. bxc3 Qf7 29. Rde1 Ne7 30. R1e4 Ng6 31. f5 Ne5 32. f6 gxf6 33. Bxh4 Qg6 34. Qc2 Rxe6 35. Rg4 Qxg4 36. hxg4 Re7 37. Qf5 Rg7 38. Bxf6 Rgf7 39. g5 Nd7 40. Qg6+ 1-0

[Event "Early-Titled-Tuesday-Blitz-April-23-2024"]
[Site "Chess.com"]
[Date "2024.04.23"]
[Round "2"]
[White "HanSchut"]
[Black "chess_blitz00"]
[Result "1-0"]
[WhiteElo "2333"]
[BlackElo "2531"]
[TimeControl "180+1"]
[EndTime "8:17:09 PDT"]
[Termination "HanSchut won by checkmate"]

1. e4 d6 2. d4 Nf6 3. Nc3 e5 4.
Nf3 Nbd7 5. h3 Be7 6. Be3 O-O 7. Qd2 a6 8. a4 c6 9. g4 Qc7 10. Bg2 Re8 11. a5 d5 12. dxe5 Nxe4 13. Nxe4 dxe4 14. Ng5 Bxg5 15. Bxg5 Nxe5 16. O-O-O Nc4 17. Qc3 Be6 18. Bxe4 Qxa5 19. Qxa5 Nxa5 20. b3 c5 21. Bd2 Nc6 22.
Bxc6 bxc6 23. Be3 c4 24. b4 a5 25. bxa5 Rxa5 26. Kd2 Ra2 27. Kc3 Rea8 28. Rd6 Bd5 29. Re1 h6 30. Bc5 R8a5 31. Bb4 Rb5 32. Rd8+ Kh7 33. Ree8 Ra4 34. Bd6 Kg6 35. f4 f5 36.
Be5 fxg4 37. hxg4 Bf3 38. Rd6+ Kh7 39. Re7 Bxg4 40. Rxg7+ Kh8 41. Rd8# 1-0

[Event "Early-Titled-Tuesday-Blitz-April-23-2024"]
[Site "Chess.com"]
[Date "2024.04.23"]
[Round "2"]
[White "CristianS27"]
[Black "DarZay"]
[Result "1-0"]
[WhiteElo "2537"]
[BlackElo "2289"]
[TimeControl "180+1"]
[EndTime "8:17:09 PDT"]
[Termination "CristianS27 won by resignation"]

1. e4 c5 2. Nf3 Nc6 3. d4 cxd4 4. Nxd4 Nf6 5. Nc3 d6 6. Be3 Ng4 7. Bb5 Nxe3 8. fxe3 Bd7 9. O-O e6 10. Bxc6 bxc6 11.
e5 dxe5 12. Qf3 Qf6 13. Qg3 Qg6 14. Qxe5 Be7 15. Qc7 Rd8 16. Nxc6 Rc8 17. Nxe7 Rxc7 18. Nxg6 hxg6 19. Ne4 Ke7 20. c3 Bc6 21. Ng5 f6 22. Nf3 g5 23. Nd4 Be4 24. Rad1 Rb8 25. Rd2 f5 26. Rfd1 g4 27. g3 Rb6 28. Kf2 a5 29.
Ne2 Bf3 30. Re1 Rd6 31. Rxd6 Kxd6 32. Nd4 Rb7 33. Nxf3 Rxb2+ 34. Re2 Rxe2+ 35. Kxe2 gxf3+ 36. Kxf3 e5 37. e4 g6 38. exf5 gxf5 39. h4 Kd5 40.
h5 Ke6 41. c4 Kf6 42. c5 Ke6 43. h6 Kf6 44. c6 Kg6 45. c7 Kxh6 46. c8=Q 1-0

[Event "Early-Titled-Tuesday-Blitz-April-23-2024"]
[Site "Chess.com"]
[Date "2024.04.23"]
[Round "2"]
[White "jefferyx"]
[Black "SirStrateg"]
[Result "1-0"]
[WhiteElo "3108"]
[BlackElo "2664"]
[TimeControl "180+1"]
[EndTime "8:17:10 PDT"]
[Termination "jefferyx won by resignation"]

1. d4 d6 2. e4 Nf6 3. Nc3 c6 4. Nf3 Bg4 5. h3 Bh5 6. Be3 e6 7. Bd3 d5 8. e5 Nfd7 9. g4 Bg6 10. Bxg6 hxg6 11. Ne2 c5 12. c3 cxd4 13. cxd4 Nc6 14. Kf1 Nb6 15. Kg2 Rc8 16. h4 Be7 17. Ng3 Nc4 18. Bc1 Kd7 19. b3 Nb6 20. h5 gxh5 21. gxh5 Kc7 22. Qd3 Kb8 23. Bd2 Nd7 24. Rac1 Qb6 25.
Rc2 a6 26. Rhc1 Ba3 27. Rh1 Be7 28. Qe3 Rcf8 29. Qf4 Ka8 30. Qg4 Rfg8 31. Ne2 f5 32. Qg6 Nf8 33. Qe8+ Qd8 34. Qxd8+ Bxd8 35. Bg5 Bb6 36.
Be3 Bd8 37. Nf4 g5 38. hxg6 Rxh1 39. Kxh1 Nxg6 40. Nxe6 Be7 41. Nc7+ Kb8 42. Nxd5 Bd8 43. Nf4 Nxf4 44. Bxf4 Rg4 45. Bg3 Nxd4 46. e6+ Rxg3 47. Nxd4 Rg6 48. Re2 Be7 49. Nxf5 1-0

[Event "Early-Titled-Tuesday-Blitz-April-23-2024"]
[Site "Chess.com"]
[Date "2024.04.23"]
[Round "2"]
[White "joshdaruca"]
[Black "dvglko"]
[Result "1-0"]
[WhiteElo "2749"]
[BlackElo "2449"]
[TimeControl "180+1"]
[EndTime "8:17:13 PDT"]
[Termination "joshdaruca won by resignation"]

1. d4 d5 2. c4 c6 3. Nc3 Nf6 4. Nf3 dxc4 5. e3 b5 6. a4 b4 7. Na2 e6 8. Bxc4 Nbd7 9. Bd2 a5 10. Nc1 Bb7 11. Nb3 Be7 12. O-O O-O 13. Qe2 c5 14.
Rfd1 cxd4 15. Nfxd4 Qb6 16. Be1 Rac8 17. Bb5 Nc5 18. Nd2 Rfd8 19. Nc4 Qa7 20. f3 Nd5 21. Bf2 Bf6 22. Rac1 Bxd4 23. Rxd4 Nb3 24. Rcd1 Nxd4 25. Rxd4 Nf6 26. Rxd8+ Rxd8 27. e4 Qa8 28. Bb6 Rc8 29. Nxa5 Rc1+ 30. Kf2 Bxe4 31. fxe4 Nxe4+ 32. Ke3 Qd5 33. Nb3 Qxb3+ 34. Kxe4 f5+ 35. Kf4 Rc2 36. Qd3 Qxd3 37.
Bxd3 Rxb2 38. a5 Kf7 39. Ke5 Ra2 40. Kd4 Kf6 41. Kc4 e5 42. Kxb4 e4 43. Bc4 Rb2+ 44.
Kc3 Rb1 45. Kc2 Ra1 46. Bd4+ Kg5 47. Bxa1 1-0

[Event "Early-Titled-Tuesday-Blitz-April-23-2024"]
[Site "Chess.com"]
[Date "2024.04.23"]
[Round "2"]
[White "osielchesslover2011"]
[Black "NikitaShnadrygin"]
[Result "0-1"]
[WhiteElo "2198"]
[BlackElo "2686"]
[TimeControl "180+1"]
[EndTime "8:17:13 PDT"]
[Termination "NikitaShnadrygin won on time"]

1. e4 c5 2. Nf3 e6 3. d4 cxd4 4.
Nxd4 Nf6 5. Nc3 Nc6 6. g3 d5 7. exd5 exd5 8. Bg2 Bg4 9. Nxc6 bxc6 10. Qd4 Be7 11. O-O O-O 12. Bg5 Be6 13. Rad1 Rb8 14.
Rfe1 Rb4 15. Qe5 Qb8 16. Qxb8 Rfxb8 17. b3 Bd6 18. Ne2 Ne4 19. Bxe4 Rxe4 20. Nd4 Rxe1+ 21. Rxe1 Bd7 22. Bf4 Bxf4 23. gxf4 Kf8 24. Nf3 f6 25.
Re3 Rb4 26. Rc3 Rxf4 27. Kg2 Ke7 0-1

[Event "Early-Titled-Tuesday-Blitz-April-23-2024"]
[Site "Chess.com"]
[Date "2024.04.23"]
[Round "2"]
[White "Alexei_Gubajdullin"]
[Black "Viktoker"]
[Result "1-0"]
[WhiteElo "2620"]
[BlackElo "2364"]
[TimeControl "180+1"]
[EndTime "8:17:13 PDT"]
[Termination "Alexei_Gubajdullin won by resignation"]

1. Nf3 f5 2. g3 Nf6 3. Bg2 e6 4.
O-O Be7 5. d3 O-O 6. Nbd2 d6 7.
e4 e5 8. c3 Nc6 9. Qb3+ Kh8 10. Ng5 Qe8 11. Ne6 Bxe6 12. Qxe6 f4 13. gxf4 Nh5 14.
Nc4 Nxf4 15. Bxf4 Rxf4 16. d4 Bf6 17. Qxe8+ Rxe8 18. d5 Ne7 19. Na5 Rb8 20. b4 Ng6 21. c4 Nh4 22. f3 Bg5 23. c5 Rf6 24. Nc4 Bf4 25. Rf2 Rbf8 26. Raf1 Rh6 27. Bh3 Rff6 28. Be6 Rfg6+ 29. Kh1 Nxf3 30. h3 Ng5 31. Rf3 Nxf3 32. Rxf3 Rg5 33. cxd6 Rhg6 34. Rf1 Rg2 35. Bg4 Rh2+ 36. Kg1 Rc2 37. Rxf4 exf4 38. d7 h5 39. d8=Q+ Kh7 40. Ne5 hxg4 41. Nxg6 f3 42. Ne5 f2+ 43. Kf1 g3 44. Qh4+ Kg8 45. Qxg3 Rc1+ 46. Kxf2 Rc2+ 47. Ke1 Rc1+ 48. Kd2 1-0

[Event "Early-Titled-Tuesday-Blitz-April-23-2024"]
[Site "Chess.com"]
[Date "2024.04.23"]
[Round "2"]
[White "Pasmendjambvirgulptipon98"]
[Black "Antosha_Chekhonte"]
[Result "0-1"]
[WhiteElo "2319"]
[BlackElo "2548"]
[TimeControl "180+1"]
[EndTime "8:17:13 PDT"]
[Termination "Antosha_Chekhonte won on time"]

1. d4 Nf6 2. c4 e6 3. Nc3 d5 4. cxd5 exd5 5. Bg5 c6 6. e3 Be7 7. Bd3 O-O 8. Qc2 h6 9. Bh4 Re8 10. Nge2 Nh5 11. Bxe7 Qxe7 12. O-O Nd7 13. Rae1 Nf8 14. Nc1 b6 15. f3 Bb7 16. e4 Nf4 17. e5 c5 18. Bb5 Red8 19. Qd2 Qg5 20. Kh1 a6 21. Ba4 b5 22. g3 N4e6 23. f4 Qe7 24. Bd1 Nxd4 25.
f5 Qg5 26. Rf4 Nxf5 27. Qf2 d4+ 28. Ne4 Ne3 29. Kg1 Qxe5 30. Bf3 Ne6 31. Nd3 Nxf4 0-1

[Event "Early-Titled-Tuesday-Blitz-April-23-2024"]
[Site "Chess.com"]
[Date "2024.04.23"]
[Round "2"]
[White "MetiForce"]
[Black "BurningggIce"]
[Result "1-0"]
[WhiteElo "2940"]
[BlackElo "2442"]
[TimeControl "180+1"]
[EndTime "8:17:15 PDT"]
[Termination "MetiForce won by resignation"]

1. c4 e5 2. Nc3 Nc6 3. Nf3 Bb4 4. Nd5 Bc5 5. e3 e4 6. d4 Bd6 7. Nd2 f5 8. g4 Nge7 9. gxf5 Nxd5 10. cxd5 Ne7 11.
Rg1 O-O 12. Nxe4 Nxf5 13. Qg4 Bb4+ 14. Bd2 Bxd2+ 15. Nxd2 d6 16. e4 Qe7 17. Qg5 Qxg5 18.
Rxg5 Nxd4 19. Rc1 Rf7 20. Rc4 c5 21. dxc6 Nxc6 22. Rc3 Ne5 23. Rxe5 dxe5 24. Bc4 Bd7 25. Bxf7+ Kxf7 26. Rc7 Ke6 27. Rxb7 a5 28. Nb3 Bc6 29.
Rxg7 Bxe4 30. Nc5+ Kd5 31. Nxe4 Kxe4 32. Rxh7 a4 33. Rh3 Rb8 34. Re3+ Kd4 35. b3 a3 36. Kd2 Rh8 37. h3 Rg8 38. Rg3 Rc8 39. Rd3+ Ke4 40. Rc3 Rf8 41. Ke2 Rg8 42. Rc4+ Kd5 43. Ra4 Rh8 44.
h4 Rh5 45. Ke3 Rf5 46. Rxa3 Rf4 47. Ra4 1-0

[Event "Early-Titled-Tuesday-Blitz-April-23-2024"]
[Site "Chess.com"]
[Date "2024.04.23"]
[Round "2"]
[White "Nikita_Klepikov"]
[Black "Ivan11Martic"]
[Result "0-1"]
[WhiteElo "2363"]
[BlackElo "2621"]
[TimeControl "180+1"]
[EndTime "8:17:15 PDT"]
[Termination "Ivan11Martic won by resignation"]

1. e4 a6 2. d4 b5 3. Bd3 Bb7 4.
Nf3 e6 5. O-O Nf6 6. Re1 Be7 7.
Bd2 c5 8. c3 Nc6 9. e5 Nd5 10.
a3 Rc8 11. b4 cxd4 12. cxd4 O-O 13. Be4 Nb8 14. g3 f5 15. exf6 Bxf6 16. Ne5 d6 17. Nf3 Nd7 18. Be3 N7b6 19. Qd3 g6 20. Nbd2 Rc3 21. Qe2 Qc7 22. h4 Nc4 23. Bg5 Bg7 24. Rec1 Qf7 25. Nxc4 bxc4 26. Bxd5 Rxc1+ 27. Rxc1 Bxd5 28. Ne1 Bxd4 29. Be3 Bg7 30. h5 gxh5 31. Rd1 Qf5 32. Bd4 Qh3 0-1

[Event "Early-Titled-Tuesday-Blitz-April-23-2024"]
[Site "Chess.com"]
[Date "2024.04.23"]
[Round "2"]
[White "Bauman_Guy"]
[Black "ansko1999"]
[Result "1-0"]
[WhiteElo "2922"]
[BlackElo "2617"]
[TimeControl "180+1"]
[EndTime "8:17:16 PDT"]
[Termination "Bauman_Guy won by resignation"]

1. e4 c5 2. Nf3 Nf6 3. Nc3 d5 4. exd5 Nxd5 5. Bb5+ Bd7 6. Ne5 Bxb5 7. Qf3 f6 8. Nxb5 Nb4 9. Qxb7 fxe5 10. Nc7+ Kf7 11. Qf3+ Kg6 12. Qe4+ Kf6 13. Nxa8 Qd4 14. Qxd4 exd4 15. Kd1 N4a6 16. a3 e5 17. b4 cxb4 18.
axb4 Bxb4 19. Ba3 Bxa3 20. Rxa3 Rc8 21. c3 dxc3 22. dxc3 Rc6 23. Ke2 Nd7 24. Rd1 Ndc5 25. Rd8 Ne4 26. c4 Nb4 27. f3 Ng5 28. Rxa7 Rxc4 29.
Rd6+ Ne6 30. Nc7 Rc2+ 31. Kd1 Rc6 32. Rxe6+ Rxe6 33. Nxe6 Kxe6 34. Rxg7 1-0

[Event "Early-Titled-Tuesday-Blitz-April-23-2024"]
[Site "Chess.com"]
[Date "2024.04.23"]
[Round "2"]
[White "CSB7"]
[Black "komogro"]
[Result "1-0"]
[WhiteElo "2811"]
[BlackElo "2548"]
[TimeControl "180+1"]
[EndTime "8:17:17 PDT"]
[Termination "CSB7 won on time"]

1. d4 Nf6 2. c4 e6 3. Nf3 Bb4+ 4. Nbd2 b6 5. g3 Ba6 6. Qc2 O-O 7. Bg2 Bb7 8. O-O Bxd2 9. Bxd2 Be4 10. Qb3 c5 11.
Rfd1 Nc6 12. dxc5 bxc5 13. Bc3 d6 14. Rd2 Qe7 15. Rad1 e5 16. e3 Rfd8 17. Qa4 Rac8 18. a3 a5 19. h3 h6 20. Kh2 Rb8 21. Nh4 Bxg2 22. Kxg2 Ne4 23. Qxc6 Nxd2 24. Rxd2 Qb7 25.
Qxb7 Rxb7 26. Bxe5 Re7 27. Bc3 Red7 28. Bxa5 Rb8 29.
Nf5 1-0

[Event "Early-Titled-Tuesday-Blitz-April-23-2024"]
[Site "Chess.com"]
[Date "2024.04.23"]
[Round "2"]
[White "MikhailBLR"]
[Black "valeriocarnicelli"]
[Result "0-1"]
[WhiteElo "2317"]
[BlackElo "2547"]
[TimeControl "180+1"]
[EndTime "8:17:17 PDT"]
[Termination "valeriocarnicelli won on time"]

1. d4 d5 2. Nc3 Nf6 3. e4 e6 4. f3 c5 5. exd5 cxd4 6. Qxd4 Nc6 7. Bb5 exd5 8. Bg5 Be7 9. O-O-O O-O 10. Qh4 Be6 11.
Nge2 h6 12. Bxh6 gxh6 13. Qxh6 Nh7 14. f4 Qc8 15. Ng3 f5 16. Nh5 Rf7 17. Rhe1 Nd8 18. Nxd5 Bxd5 19. Rxd5 Kh8 20. Bd7 Qc4 21. Rxf5 Qxa2 22.
Be6 Qa1+ 23. Kd2 Bb4+ 24. Kd3 Qa6+ 25. c4 Nxe6 26. Rxf7 Nc5+ 27. Kc2 Qxh6 0-1

[Event "Early-Titled-Tuesday-Blitz-April-23-2024"]
[Site "Chess.com"]
[Date "2024.04.23"]
[Round "2"]
[White "2L8IWUN"]
[Black "zsizsi99"]
[Result "0-1"]
[WhiteElo "2069"]
[BlackElo "2471"]
[TimeControl "180+1"]
[EndTime "8:17:18 PDT"]
[Termination "zsizsi99 won on time"]

1. Nf3 d5 2. d4 Nf6 3. Bf4 c5 4. e3 Nc6 5. Nbd2 Qb6 6. dxc5 Qxb2 7. Rb1 Qc3 8. Bb5 Qxc5 9. O-O a6 10. Bd3 e6 11. c4 dxc4 12. Nxc4 Nd5 13. Bg3 b5 14. Nce5 Nxe5 15. Nxe5 Nc3 16. Qf3 Ra7 17. Rbc1 f6 18. Qh5+ g6 19. Bxg6+ hxg6 20. Qxg6+ Kd8 21. Nf7+ Rxf7 22.
Qxf7 Be7 23. Rfd1+ Bd7 24. Qxe6 Nxd1 25. Rxd1 Qa7 26.
Bb8 Qb7 27. Ba7 Ke8 28. Qb6 Qxb6 29. Bxb6 f5 30. Bd4 Rg8 31. Rc1 Rg6 32. g3 Rc6 33. Rxc6 Bxc6 34. h4 Bd5 0-1

[Event "Early-Titled-Tuesday-Blitz-April-23-2024"]
[Site "Chess.com"]
[Date "2024.04.23"]
[Round "2"]
[White "MagnusCarlsen"]
[Black "GeorgiosSouleidis"]
[Result "1-0"]
[WhiteElo "3219"]
[BlackElo "2672"]
[TimeControl "180+1"]
[EndTime "8:17:19 PDT"]
[Termination "MagnusCarlsen won by resignation"]

1. g3 d5 2. Bg2 c6 3. d3 Nf6 4. Nd2 e5 5. Ngf3 Bd6 6. e4 O-O 7. O-O Re8 8. Re1 Nbd7 9. b3 Qc7 10. Bb2 a5 11. a3 Nf8 12. d4 exd4 13. exd5 Rxe1+ 14. Qxe1 Nxd5 15. Nc4 Bd7 16. Nxd6 Qxd6 17. Nxd4 a4 18.
c4 Nf6 19. b4 Re8 20. Qc3 Ng6 21. h3 h6 22. Rd1 Qe7 23. Nc2 Bf5 24. Ne3 Be4 25. Ng4 Bxg2 26. Kxg2 Qe4+ 27. Kg1 Re6 28.
Nxf6+ Rxf6 29. Qd3 Qxd3 30. Rxd3 Re6 31. Rd8+ Kh7 32.
Rb8 Re7 33. Kf1 f6 34. Ra8 Re4 35. c5 Rc4 36. Rxa4 Rc2 37. Bd4 Rc4 38. Be3 Ne5 39. Ra7 Rc3 40. Bd4 Rc1+ 41. Ke2 Nc4 42. Kd3 Kg6 43. a4 Kf5 44. Rxb7 g5 45. Bc3 Ne5+ 46. Bxe5 Kxe5 47. Re7+ Kd5 48. Rd7+ Ke5 49. Rd6 Ra1 50. a5 Rb1 51. Kc3 Rc1+ 52. Kb2 Rf1 53. f4+ gxf4 54.
gxf4+ Rxf4 55. Kb3 Rf3+ 56. Ka4 Rxh3 57. Rxc6 Rh1 58. a6 Ra1+ 59. Kb5 f5 60. Rxh6 f4 61. Rh8 f3 62. Rf8 Ke4 63. c6 Ke3 64. c7 f2 65.
c8=Q 1-0

[Event "Early-Titled-Tuesday-Blitz-April-23-2024"]
[Site "Chess.com"]
[Date "2024.04.23"]
[Round "2"]
[White "Juicy_Fork"]
[Black "Dewarfd"]
[Result "1-0"]
[WhiteElo "2475"]
[BlackElo "2102"]
[TimeControl "180+1"]
[EndTime "8:17:20 PDT"]
[Termination "Juicy_Fork won on time"]

1. e4 c5 2. Nf3 g6 3. d4 cxd4 4.
Nxd4 Nc6 5. Nc3 Bg7 6. Be3 Nf6 7. Bc4 O-O 8. Bb3 a5 9. O-O a4 10. Nxa4 Nxe4 11. Nb5 d5 12. Nb6 Ra6 13. Nxc8 Qxc8 14.
Qxd5 Nf6 15. Qf3 Ng4 16. c3 Na5 17. Bd4 e5 18. Be3 Nxb3 19. axb3 Nxe3 20. Qxe3 Qc6 21. c4 Rfa8 22. Rad1 e4 23. Rd6 1-0